[Event "November 21 Early 2023"]
[Site "https://www.chess.com"]
[Date "2023.11.21"]
[Round "3"]
[White "Skiadopoulos, Nikolaos"]
[Black "Quirke, Jeffrey"]
[Result "0-1"]
[Board "175"]
[TimeControl "180+1"]
[WhiteFideId "4200772"]
[BlackFideId "2013029"]
[WhiteElo "2022"]
[BlackElo "2223"]
[WhiteTeam "GRE"]
[BlackTeam "USA"]
[WhiteClock "0:00:00"]
[BlackClock "0:00:28"]

1. e4 e6 2. d4 d5 3. e5 c5 4. c3 Nc6 5. Nf3 Nge7 6. Na3 cxd4 7. cxd4 Nf5 8. Nc2 Qb6 9. Be2 h5 10. O-O Be7 11. b3 a5 12. Bb2 Bd7 13. Ne3 g6 14. a3 Rc8 15. Rb1 Na7 16. a4 Nc6 17. Bb5 Nb4 18. Bxd7+ Kxd7 19. Qd2 Qa6 20. Rfc1 Qd3 21. Rc3 Qxd2 22. Nxd2 Rxc3 23. Bxc3 Rc8 24. Bxb4 Bxb4 25. Nxf5 gxf5 26. Nf3 Rc2 27. Ng5 Ke7 28. Nf3 Bc3 29. Kf1 f6 30. exf6+ Kxf6 31. g3 f4 32. Rd1 Kf5 33. h3 fxg3 34. fxg3 Rb2 35. Rd3 Rxb3 36. Re3 Rb1+ 0-1

[Event "November 21 Early 2023"]
[Site "https://www.chess.com"]
[Date "2023.11.21"]
[Round "3"]
[White "Aradhya, Garg"]
[Black "dumbernugget"]
[Result "1-0"]
[Board "176"]
[TimeControl "180+1"]
[WhiteFideId "25006746"]
[WhiteElo "2323"]
[BlackElo "1845"]
[WhiteTeam "IND"]
[WhiteClock "0:01:05"]
[BlackClock "0:00:04"]

1. d4 d5 2. c4 e6 3. Nc3 Nf6 4. cxd5 exd5 5. Bg5 Be7 6. e3 O-O 7. Bd3 Nbd7 8. Nf3 c6 9. h3 Re8 10. O-O Nf8 11. Qc2 g6 12. Bf4 Ne6 13. Bg3 Ng7 14. Rab1 a5 15. a3 Bf5 16. b4 axb4 17. axb4 Bxd3 18. Qxd3 Ra3 19. Qc2 Nf5 20. Be5 Nd6 21. b5 Nc4 22. bxc6 bxc6 23. Ra1 Qa8 24. Rxa3 Qxa3 25. Rb1 Bb4 26. Bxf6 Qxc3 27. Qd1 Be7 28. Bxe7 Rxe7 29. Qa4 Nd6 30. Ne5 Ne4 31. Qxc6 Qd2 32. Rf1 Ra7 33. Qxd5 Nc3 34. Qf3 Ra2 35. Qxf7+ 1-0

[Event "November 21 Early 2023"]
[Site "https://www.chess.com"]
[Date "2023.11.21"]
[Round "3"]
[White "MKlose11"]
[Black "Skurikhin, Dmitrij"]
[Result "1-0"]
[Board "177"]
[TimeControl "180+1"]
[BlackFideId "4161297"]
[WhiteElo "2659"]
[BlackElo "2197"]
[BlackTeam "RUS"]
[WhiteClock "0:00:56"]
[BlackClock "0:00:00"]

1. e4 e6 2. d4 d5 3. Nc3 Nf6 4. Bg5 Bb4 5. Ne2 dxe4 6. a3 Be7 7. Bxf6 gxf6 8. Nxe4 f5 9. N4c3 b6 10. d5 Bb7 11. dxe6 fxe6 12. Qxd8+ Bxd8 13. Nf4 e5 14. Ne6 c6 15. O-O-O Nd7 16. Bd3 e4 17. Be2 Ke7 18. Nd4 Rf8 19. g4 fxg4 20. Bxg4 Ne5 21. Nf5+ Kf7 22. Nd6+ Ke7 23. Bh3 Ba6 24. Ncxe4 Bc7 25. Nf5+ Rxf5 26. Bxf5 Rf8 27. Ng3 c5 28. f4 1-0

[Event "November 21 Early 2023"]
[Site "https://www.chess.com"]
[Date "2023.11.21"]
[Round "3"]
[White "Mejia, Cherry Ann"]
[Black "Andriasian, Zaven"]
[Result "0-1"]
[Board "178"]
[TimeControl "180+1"]
[WhiteFideId "5206880"]
[BlackFideId "13302000"]
[WhiteElo "2009"]
[BlackElo "2624"]
[WhiteTeam "PHI"]
[BlackTeam "ARM"]
[WhiteClock "0:00:00"]
[BlackClock "0:02:03"]

1. e4 c5 2. Nc3 d6 3. g3 Nc6 4. Bg2 h5 5. h3 g6 6. d3 Bg7 7. Be3 e5 8. Qd2 Nge7 9. f4 Nd4 10. Nd1 h4 11. g4 f5 12. c3 exf4 13. Bxf4 Ne6 14. gxf5 Nxf4 15. Qxf4 Bh6 16. Qf2 gxf5 17. Ne2 Bd7 18. O-O Qc7 19. Ne3 O-O-O 20. exf5 Bxe3 21. Qxe3 Nxf5 22. Qd2 Rhg8 23. Nf4 Bc6 24. Rf2 Rde8 25. Re1 a6 26. Rxe8+ Rxe8 27. Re2 Rg8 28. Qe1 Kb8 29. Kh2 Bxg2 30. Rxg2 d5 31. Rxg8+ Ka7 32. Qf2 d4 33. Kg2 Ne3+ 34. Kg1 Qf7 35. Rg5 Qxa2 36. Qxh4 Qb1+ 37. Kf2 Qxb2+ 38. Kf3 dxc3 39. Nd5 c2 40. Rg1 Nxd5 41. Qe4 Nb4 0-1

[Event "November 21 Early 2023"]
[Site "https://www.chess.com"]
[Date "2023.11.21"]
[Round "3"]
[White "aghasiyevkamal"]
[Black "KorolDimitriy75"]
[Result "1-0"]
[Board "179"]
[TimeControl "180+1"]
[WhiteElo "2538"]
[BlackElo "2342"]
[WhiteClock "0:00:02"]
[BlackClock "0:00:00"]

1. e4 c5 2. Nf3 d6 3. Bb5+ Nd7 4. a4 Nf6 5. Nc3 g6 6. O-O Bg7 7. Re1 O-O 8. a5 Nb8 9. d3 Bd7 10. Bc4 Nc6 11. a6 b6 12. h3 Nd4 13. Nxd4 cxd4 14. Ne2 b5 15. Bb3 e5 16. c3 dxc3 17. bxc3 Rc8 18. Be3 Qc7 19. Qd2 Bc6 20. c4 bxc4 21. Bxc4 d5 22. exd5 Nxd5 23. Rac1 Qd7 24. Bh6 Rfd8 25. Bxg7 Kxg7 26. Qb2 f6 27. d4 e4 28. Bxd5 Bxd5 29. Nf4 f5 30. Rc5 Bf7 31. d5+ Kg8 32. Rec1 Rxc5 33. Rxc5 Qd6 34. Qc1 Qe5 35. Rc7 Bxd5 36. Rxa7 Bf7 37. Qe3 g5 38. Qg3 Qxf4 39. Qxf4 gxf4 40. Rb7 Bd5 41. Rb5 Bc4 42. Ra5 1-0

[Event "November 21 Early 2023"]
[Site "https://www.chess.com"]
[Date "2023.11.21"]
[Round "3"]
[White "Krzywda, Andrzej"]
[Black "Silvestre, Christian"]
[Result "0-1"]
[Board "180"]
[TimeControl "180+1"]
[WhiteFideId "1114565"]
[BlackFideId "30956269"]
[WhiteElo "2130"]
[BlackElo "2329"]
[WhiteTeam "POL"]
[BlackTeam "USA"]
[WhiteClock "0:00:14"]
[BlackClock "0:00:20"]

1. e4 c5 2. Nf3 a6 3. c4 e6 4. Nc3 Qc7 5. d4 cxd4 6. Nxd4 Nf6 7. Bd3 b6 8. O-O Bb7 9. Qe2 d6 10. f4 Nbd7 11. f5 e5 12. Nc2 h6 13. Ne3 Nc5 14. Ned5 Bxd5 15. cxd5 b5 16. b4 Ncd7 17. Be3 Qxc3 18. a4 bxa4 19. Rxa4 Qc7 20. Bxa6 Be7 21. Rc1 Qb8 22. Rc8+ Qxc8 23. Bxc8 Rxa4 24. Qb5 Ra1+ 25. Kf2 Nxe4+ 26. Kf3 Nf6 27. Qc6 e4+ 28. Ke2 Ra2+ 29. Kf1 Ra1+ 30. Ke2 Ra2+ 31. Kd1 Ra1+ 32. Kc2 O-O 33. Bxd7 Nxd7 34. Qxd7 Bf6 35. b5 Rfa8 36. Bc1 R8a2+ 37. Kb3 Ra7 38. Qe8+ Kh7 39. Bb2 Rb1 40. Qxe4 Rxb2+ 41. Kc4 Ra4+ 42. Kd3 Rxe4 43. Kxe4 Rxb5 44. Kf3 Rxd5 45. Kg4 Re5 46. Kh5 Rxf5+ 47. Kg4 Rg5+ 48. Kh3 Rg6 49. g4 Be5 50. Kh4 d5 51. g5 d4 52. gxh6 d3 53. hxg7 d2 54. g8=Q+ Kxg8 55. h3 Rh6+ 56. Kg5 d1=Q 57. Kxh6 Qd2+ 58. Kh5 Qd7 59. Kh4 Bb8 60. Kg5 Kg7 61. h4 Qd5+ 62. Kg4 Qe4+ 63. Kh3 Qf3# 0-1

[Event "November 21 Early 2023"]
[Site "https://www.chess.com"]
[Date "2023.11.21"]
[Round "3"]
[White "Umarov, Sabir"]
[Black "Silva Lucena, Cristian"]
[Result "0-1"]
[Board "181"]
[TimeControl "180+1"]
[WhiteFideId "14200538"]
[BlackFideId "2232588"]
[WhiteElo "2328"]
[BlackElo "2248"]
[WhiteTeam "UZB"]
[BlackTeam "ESP"]
[WhiteClock "0:00:00"]
[BlackClock "0:00:08"]

1. e4 c5 2. Nc3 a6 3. g3 b5 4. Bg2 Bb7 5. d3 e6 6. f4 d5 7. e5 h5 8. Nf3 Ne7 9. d4 Nf5 10. Ne2 Nc6 11. c3 h4 12. g4 h3 13. gxf5 hxg2 14. Rg1 exf5 15. Rxg2 Bc8 16. Be3 c4 17. Ng3 Be6 18. Ng5 Qd7 19. Qc2 O-O-O 20. O-O-O Kb7 21. Rdg1 Re8 22. Kb1 a5 23. Ka1 Ka6 24. b3 Rb8 25. Rb1 Be7 26. Nxe6 fxe6 27. Nf1 Bf8 28. Nd2 Rh3 29. Bg1 b4 30. Rg3 Rxg3 31. hxg3 bxc3 32. Qxc3 Bb4 33. Qc2 c3 34. Nf3 Na7 35. Ne1 Nb5 36. Rc1 Na3 37. Qe2+ Qb5 38. Qxb5+ Kxb5 39. Nc2 Nxc2+ 40. Rxc2 Rh8 41. a3 Rh1 42. Rg2 Bxa3 43. Ka2 Bb4 44. Kb1 a4 45. bxa4+ Kxa4 46. Kc2 Kb5 47. g4 g6 48. gxf5 gxf5 49. Rg6 Kc4 50. Rg2 Rh3 51. Rg5 Rd3 52. Rg2 Rd2+ 53. Rxd2 cxd2 54. Bf2 Bc3 55. Bg3 Kxd4 56. Bh2 Kc4 57. Bg3 Bb4 58. Bf2 d4 59. Bg3 d3+ 60. Kd1 Kd4 61. Bh2 Ke4 62. Bg3 Kf3 63. Bh2 Bc3 64. Bg3 Bxe5 65. Bh4 Bxf4 66. Bf6 e5 67. Bg5 e4 68. Bxf4 Kxf4 0-1

[Event "November 21 Early 2023"]
[Site "https://www.chess.com"]
[Date "2023.11.21"]
[Round "3"]
[White "Bokros, Albert"]
[Black "Saravana, Krishnan P."]
[Result "0-1"]
[Board "182"]
[TimeControl "180+1"]
[WhiteFideId "710458"]
[BlackFideId "5018382"]
[WhiteElo "2489"]
[BlackElo "2167"]
[WhiteTeam "HUN"]
[BlackTeam "IND"]
[WhiteClock "0:00:21"]
[BlackClock "0:01:27"]

1. e4 c6 2. d4 d5 3. e5 Qb6 4. h4 Bf5 5. g4 Bd7 6. f4 h5 7. gxh5 Nh6 8. Bd3 Qxd4 9. Nf3 Qb6 10. Nc3 Bg4 11. Qe2 e6 12. Rb1 Nf5 13. Bxf5 Bxf5 14. Be3 Qa5 15. Ng5 Bb4 16. Bd2 Bxc2 17. Rc1 Bf5 18. a3 Bxc3 19. Bxc3 Qa6 20. Qf3 Qd3 21. Qxd3 Bxd3 22. Kd2 Bf5 23. Rhg1 Rxh5 24. Nf3 g6 25. Ke3 Nd7 26. b4 Nb6 27. Kf2 Be4 28. Rg5 Bxf3 29. Kxf3 Rxh4 30. f5 exf5 31. e6 Nc4 32. Re1 Rh3+ 33. Rg3 Rxg3+ 34. Kxg3 Nd6 35. exf7+ Kxf7 36. Rh1 Ne4+ 0-1

[Event "November 21 Early 2023"]
[Site "https://www.chess.com"]
[Date "2023.11.21"]
[Round "3"]
[White "Shishkov, Andrei"]
[Black "San Thit Lwin"]
[Result "1-0"]
[Board "184"]
[TimeControl "180+1"]
[WhiteFideId "4500563"]
[BlackFideId "13001272"]
[WhiteElo "2241"]
[BlackElo "2232"]
[WhiteTeam "EST"]
[BlackTeam "MYA"]
[WhiteClock "0:00:47"]
[BlackClock "0:00:41"]

1. d4 Nf6 2. c4 c5 3. d5 e6 4. Nc3 exd5 5. cxd5 d6 6. e4 g6 7. h3 Bg7 8. Nf3 O-O 9. Bd3 a6 10. a4 Re8 11. O-O Nbd7 12. Bf4 Qc7 13. Re1 c4 14. Bf1 Nh5 15. Bh2 Ne5 16. Rc1 b5 17. axb5 axb5 18. Nxb5 Qb6 19. Nxe5 Bxe5 20. Bxe5 Rxe5 21. Bxc4 Bd7 22. Qd4 Qd8 23. Nxd6 Qg5 24. Rc3 Nf4 25. Rg3 Nxh3+ 26. gxh3 Qe7 27. f4 Rh5 28. e5 Bxh3 29. Ne4 Qh4 30. Nf6+ Kf8 31. Qc5+ Kg7 32. Nxh5+ Qxh5 33. Qf2 Bf5 34. Qh2 1-0

[Event "November 21 Early 2023"]
[Site "https://www.chess.com"]
[Date "2023.11.21"]
[Round "3"]
[White "Nechitaylo_Nikita"]
[Black "Kubatko, Ivan"]
[Result "0-1"]
[Board "185"]
[TimeControl "180+1"]
[BlackFideId "24111473"]
[WhiteElo "2242"]
[BlackElo "2285"]
[BlackTeam "RUS"]
[WhiteClock "0:01:36"]
[BlackClock "0:01:57"]

1. d4 d5 2. c4 e6 3. cxd5 exd5 4. Nc3 c5 5. dxc5 Nf6 6. e3 Bxc5 7. Nf3 Nc6 8. Bd3 O-O 9. O-O a6 10. b3 Bg4 11. Bb2 Rc8 12. Rc1 Ba7 13. h3 Bh5 14. Be2 Bb8 15. Nd4 Qd6 16. Bxh5 Qh2# 0-1

[Event "November 21 Early 2023"]
[Site "https://www.chess.com"]
[Date "2023.11.21"]
[Round "3"]
[White "ilya2700"]
[Black "Haitin, Ilja"]
[Result "0-1"]
[Board "186"]
[TimeControl "180+1"]
[BlackFideId "4501764"]
[WhiteElo "2232"]
[BlackElo "2221"]
[BlackTeam "EST"]
[WhiteClock "0:00:00"]
[BlackClock "0:00:19"]

1. d4 d5 2. c4 dxc4 3. Nf3 Nf6 4. e3 Bg4 5. Bxc4 e6 6. O-O Nbd7 7. Nc3 Bb4 8. h3 Bh5 9. a3 Bxc3 10. bxc3 O-O 11. Bd3 c5 12. a4 e5 13. Be2 cxd4 14. cxd4 e4 15. Nd2 Bxe2 16. Qxe2 Nb6 17. Ba3 Re8 18. Qb5 Qd7 19. Qxd7 Nbxd7 20. Rab1 b6 21. Rb5 Rac8 22. a5 a6 23. Rb2 b5 24. Nb3 Nd5 25. Nc5 Nxc5 26. Bxc5 f5 27. Rc1 Kf7 28. Rbc2 Rc6 29. Kf1 Rec8 30. Ke2 Ke6 31. Rb2 Nf6 32. Kd2 Nd7 33. Rbc2 Kd5 34. Ke2 Nxc5 35. dxc5 Rxc5 36. Rd2+ Ke6 37. Rcd1 Rc2 38. f3 exf3+ 39. gxf3 Rxd2+ 40. Rxd2 Rc4 41. Ra2 Ra4 0-1

[Event "November 21 Early 2023"]
[Site "https://www.chess.com"]
[Date "2023.11.21"]
[Round "3"]
[White "Dodaro, Mattia"]
[Black "Filippova, Margarita"]
[Result "1-0"]
[Board "187"]
[TimeControl "180+1"]
[WhiteFideId "28583400"]
[BlackFideId "34199680"]
[WhiteElo "2226"]
[BlackElo "1916"]
[WhiteTeam "ITA"]
[BlackTeam "RUS"]
[WhiteClock "0:00:09"]
[BlackClock "0:00:06"]

1. Nf3 d5 2. g3 Nf6 3. c4 e6 4. Bg2 Be7 5. O-O O-O 6. b3 c5 7. cxd5 exd5 8. d4 cxd4 9. Bb2 Nc6 10. Nxd4 Bc5 11. e3 Nxd4 12. Bxd4 b6 13. Nc3 Bb7 14. Rc1 Rc8 15. Bxf6 Qxf6 16. Nxd5 Bxd5 17. Qxd5 Rcd8 18. Qb7 a5 19. Rfd1 Rde8 20. Rd3 Qb2 21. Rcd1 Qxa2 22. Rd7 Qxb3 23. h4 h6 24. Rc1 Qe6 25. Bd5 Qf6 26. Rc4 Rd8 27. Rc7 Qg6 28. Rf4 Rxd5 29. Qxd5 Qb1+ 30. Kg2 Qg6 31. h5 Qe6 32. Qf3 Bd6 33. Rc6 Qe7 34. Rd4 Bc5 35. Rf4 Qd7 36. Rg4 Rc8 37. Rxh6 Kf8 38. Rh8+ Ke7 39. Rxc8 Qxc8 40. Rxg7 Qe6 41. h6 Qxh6 42. Qxf7+ Kd6 43. Rg6+ Qxg6 44. Qxg6+ Kd5 45. Qg5+ Kc4 46. Qf4+ Kc3 47. g4 a4 48. Qe5+ Kb3 49. g5 a3 50. g6 a2 51. g7 Kc2 52. Qa1 b5 53. Qxa2+ 1-0

[Event "November 21 Early 2023"]
[Site "https://www.chess.com"]
[Date "2023.11.21"]
[Round "3"]
[White "Florianovitz, Derlei Alex"]
[Black "Figorito, Nick"]
[Result "1/2-1/2"]
[Board "188"]
[TimeControl "180+1"]
[WhiteFideId "2114178"]
[BlackFideId "30923689"]
[WhiteElo "1953"]
[BlackElo "2385"]
[WhiteTeam "BRA"]
[BlackTeam "USA"]
[WhiteClock "0:01:39"]
[BlackClock "0:01:46"]

1. e4 e6 2. d4 d5 3. e5 c5 4. c3 Bd7 5. Nf3 Qb6 6. Bd3 Bb5 7. O-O Bxd3 8. Qxd3 Qa6 9. Qxa6 Nxa6 10. a3 c4 11. Bg5 Be7 12. Bxe7 Nxe7 13. Nbd2 h5 14. b4 Nf5 15. a4 Nb8 16. b5 Nd7 17. a5 O-O 18. Rfb1 Rfb8 19. Ne1 g6 20. Nc2 Ne7 21. f4 Kg7 22. Kf2 Rh8 23. h4 Rhb8 24. g3 Rc8 25. Nb4 1/2-1/2

[Event "November 21 Early 2023"]
[Site "https://www.chess.com"]
[Date "2023.11.21"]
[Round "3"]
[White "Zaksaite, Salomeja"]
[Black "campochess"]
[Result "1-0"]
[Board "189"]
[TimeControl "180+1"]
[WhiteFideId "12801496"]
[WhiteElo "2065"]
[BlackElo "2190"]
[WhiteTeam "LTU"]
[WhiteClock "0:00:07"]
[BlackClock "0:00:12"]

1. d4 Nf6 2. Nc3 d5 3. Bf4 c6 4. e3 Nbd7 5. Bd3 g6 6. h4 h5 7. Nf3 Bg7 8. Ne5 Nf8 9. Qe2 Ng4 10. O-O-O Nxe5 11. dxe5 Ne6 12. Bg3 Qa5 13. e4 d4 14. Nb1 Qxa2 15. f4 Nc5 16. Bc4 Qa1 17. Rxd4 Bg4 18. Bxf7+ Kxf7 19. Qc4+ Be6 20. Qxc5 Rhd8 21. Rhd1 Ba2 22. e6+ Kxe6 23. f5+ Kf7 24. fxg6+ Ke8 25. Rxd8+ Rxd8 26. Rxd8+ Kxd8 27. e5 Qxb1+ 28. Kd2 Qxb2 29. Qe3 Qb4+ 30. Ke2 Bc4+ 31. Kf2 Bd5 32. Qg5 Qg4 33. Qxg4 hxg4 34. Bf4 Be4 35. h5 Bxc2 36. Kg3 Kd7 37. Kxg4 Ke6 38. Kg5 a5 39. h6 Bxh6+ 40. Kxh6 Bxg6 41. Kxg6 b5 42. g4 b4 43. g5 a4 44. Bc1 c5 45. Kh7 c4 46. g6 c3 47. g7 Kxe5 48. g8=Q b3 49. Qg7+ Kd5 50. Qxc3 e5 51. Bb2 e4 52. Qd4+ Kc6 53. Qxa4+ 1-0

[Event "November 21 Early 2023"]
[Site "https://www.chess.com"]
[Date "2023.11.21"]
[Round "3"]
[White "Fernandez Siles, Luis"]
[Black "Boruchovsky, Avital"]
[Result "0-1"]
[Board "190"]
[TimeControl "180+1"]
[WhiteFideId "2209420"]
[BlackFideId "2800055"]
[WhiteElo "2195"]
[BlackElo "2450"]
[WhiteTeam "ESP"]
[BlackTeam "ISR"]
[WhiteClock "0:00:01"]
[BlackClock "0:00:09"]

1. e4 e5 2. Nf3 Nc6 3. Nc3 g6 4. Bc4 Bg7 5. d3 Nf6 6. O-O O-O 7. Bg5 h6 8. Bh4 d6 9. Qd2 g5 10. Bg3 Nh5 11. h3 Kh8 12. Bh2 g4 13. hxg4 Bxg4 14. Ne1 Be6 15. Nd5 Rg8 16. c3 Qh4 17. Qe3 Rac8 18. Bg3 Qg4 19. Qf3 Qxf3 20. Nxf3 Nxg3 21. fxg3 Bf8 22. Kh2 Na5 23. Nf6 Nxc4 24. Nxg8 Ne3 25. Nf6 Nxf1+ 26. Rxf1 c6 27. d4 exd4 28. cxd4 Be7 29. Nh4 Bxa2 30. e5 dxe5 31. dxe5 Be6 32. Nf5 Bxf6 33. exf6 Bxf5 34. Rxf5 Re8 35. g4 Kh7 36. g5 Kg6 37. Ra5 hxg5 38. Rxa7 b5 39. Rc7 Re6 40. Kg3 Kxf6 41. b4 Re3+ 42. Kf2 Rc3 43. g4 Kg6 44. Rc8 Kf6 45. Rc7 Ke6 46. Rc8 Kd6 47. Rf8 Ke7 48. Rc8 f6 49. Rc7+ Kd6 50. Rf7 Ke5 51. Re7+ Kf4 52. Re6 Kxg4 53. Rxf6 Rc2+ 54. Ke3 Kg3 55. Rf5 g4 0-1

[Event "November 21 Early 2023"]
[Site "https://www.chess.com"]
[Date "2023.11.21"]
[Round "3"]
[White "Napoli, Nicolo"]
[Black "Vasquez Schroeder, Rodrigo"]
[Result "0-1"]
[Board "191"]
[TimeControl "180+1"]
[WhiteFideId "813702"]
[BlackFideId "3400042"]
[WhiteElo "2306"]
[BlackElo "2582"]
[WhiteTeam "ITA"]
[BlackTeam "CHI"]
[WhiteClock "0:00:00"]
[BlackClock "0:01:59"]

1. e4 c6 2. d4 d5 3. Nc3 dxe4 4. Nxe4 Nd7 5. Nf3 Ngf6 6. Nxf6+ Nxf6 7. Bd3 Bg4 8. c3 Qd5 9. Be2 e6 10. O-O Bd6 11. Ne5 Bxe2 12. Qxe2 Qe4 13. Qxe4 Nxe4 14. Nc4 Bc7 15. Re1 Nf6 16. Bg5 Nd5 17. Bh4 h6 18. a4 O-O 19. Bg3 Rfd8 20. Bxc7 Nxc7 21. Re5 Rd7 22. Rae1 Nd5 23. Ne3 Nf6 24. Nc2 Rc8 25. b4 Nd5 26. c4 Nb6 27. c5 Nxa4 28. Ra1 b5 29. cxb6 Nxb6 30. Rea5 Rcc7 31. f3 f6 32. f4 Kf7 33. Kf2 Nd5 34. Rc5 Nxf4 35. Ke3 Nd5+ 36. Kd3 Nf4+ 37. Kc4 Nxg2 38. Ra6 Nf4 39. Raxc6 Rxc6 40. Rxc6 Nd5 41. b5 g5 42. Kc5 g4 43. Ne1 h5 44. Ng2 f5 45. b6 axb6+ 46. Kb5 f4 47. Rc1 f3 48. Nh4 Ne3 49. Re1 f2 50. Rxe3 f1=Q+ 0-1

[Event "November 21 Early 2023"]
[Site "https://www.chess.com"]
[Date "2023.11.21"]
[Round "3"]
[White "Goswami, Vedant"]
[Black "Akhmedinov, Satbek"]
[Result "1/2-1/2"]
[Board "192"]
[TimeControl "180+1"]
[WhiteFideId "5003725"]
[BlackFideId "13714287"]
[WhiteElo "2011"]
[BlackElo "2120"]
[WhiteTeam "IND"]
[BlackTeam "KAZ"]
[WhiteClock "0:00:03"]
[BlackClock "0:02:06"]

1. Nc3 Nf6 2. e3 e5 3. Nf3 e4 4. Nd4 c5 5. Nb3 Nc6 6. d3 exd3 7. cxd3 d6 8. d4 Be7 9. Be2 O-O 10. O-O b6 11. Bf3 Bb7 12. Re1 Rc8 13. Bd2 Qd7 14. Rc1 d5 15. dxc5 bxc5 16. Na4 c4 17. Nbc5 Qc7 18. b3 Ne5 19. Nxb7 Qxb7 20. bxc4 Nd3 21. Rb1 Qd7 22. Rf1 dxc4 23. Nc3 Bb4 24. Qc2 Bxc3 25. Bxc3 Nd5 26. Bxd5 Qxd5 27. h3 a5 28. Rfd1 Qc5 29. Bd4 Qa3 30. Rd2 Rfd8 31. Rbd1 Nb4 32. Qc3 Qxc3 33. Bxc3 Rxd2 34. Rxd2 Kf8 35. Kf1 Ke8 36. Ke2 f6 37. Rd4 Ke7 38. Rd2 Ke6 39. a3 Nd5 40. Bxa5 c3 41. Rc2 Ke5 42. Bb4 g5 43. f3 h5 44. Kd3 Rd8 45. Ke2 Rc8 46. Kd3 Rd8 47. Ke2 Rc8 1/2-1/2

[Event "November 21 Early 2023"]
[Site "https://www.chess.com"]
[Date "2023.11.21"]
[Round "3"]
[White "Golubev, Mikhail"]
[Black "rikchessmx"]
[Result "1-0"]
[Board "193"]
[TimeControl "180+1"]
[WhiteFideId "14100983"]
[WhiteElo "2352"]
[BlackElo "2318"]
[WhiteTeam "UKR"]
[WhiteClock "0:00:37"]
[BlackClock "0:01:26"]

1. e4 e5 2. Nf3 Nc6 3. Bc4 Bc5 4. c3 Qf6 5. d4 exd4 6. O-O dxc3 7. Nxc3 Nge7 8. Nd5 Nxd5 9. exd5 Ne7 10. Bg5 Qg6 11. Re1 f6 12. Bf4 d6 13. Qe2 Qf7 14. Bb5+ Bd7 15. Bxd7+ Kxd7 16. b4 Bb6 17. Qb5+ Kc8 18. Rad1 a6 19. Qc4 Ng6 20. Bxd6 Kb8 21. Bg3 h5 22. h4 Ka7 23. a4 a5 24. Nd4 Rae8 25. Nb5+ Kb8 26. bxa5 Bxa5 27. Qc5 Rxe1+ 28. Rxe1 Bxe1 29. Bxc7+ Kc8 30. Nd6+ Kd7 31. Nxf7 Re8 32. Qd6+ Kc8 33. Bb6 Re7 34. Qd8# 1-0

[Event "November 21 Early 2023"]
[Site "https://www.chess.com"]
[Date "2023.11.21"]
[Round "3"]
[White "Rosner, Jonas"]
[Black "Vlasova, Nataliya"]
[Result "1-0"]
[Board "194"]
[TimeControl "180+1"]
[WhiteFideId "24608513"]
[BlackFideId "4122682"]
[WhiteElo "2394"]
[BlackElo "1939"]
[WhiteTeam "GER"]
[BlackTeam "RUS"]
[WhiteClock "0:01:18"]
[BlackClock "0:00:24"]

1. e4 d5 2. exd5 Qxd5 3. Nf3 Bg4 4. Be2 Nc6 5. d4 O-O-O 6. c4 Qh5 7. Be3 e5 8. d5 Bb4+ 9. Nbd2 Nce7 10. h3 Nf6 11. a3 Bxd2+ 12. Nxd2 Bxe2 13. Qxe2 Qg6 14. O-O Nf5 15. Rad1 Nh4 16. f3 Nh5 17. Ne4 f5 18. Bg5 Nf4 19. Bxf4 exf4 20. Nc5 Rhe8 21. Ne6 Rd6 22. Qf2 Qh6 23. Qxa7 Qf6 24. Qa8+ Kd7 25. Nc5+ Ke7 26. Rfe1+ Re6 27. Rxe6+ Qxe6 28. Qxe8+ Kxe8 29. Nxe6 1-0

[Event "November 21 Early 2023"]
[Site "https://www.chess.com"]
[Date "2023.11.21"]
[Round "3"]
[White "Eggleston, Thomas A"]
[Black "Dilmukhametov, Artur"]
[Result "1-0"]
[Board "195"]
[TimeControl "180+1"]
[WhiteFideId "412139"]
[BlackFideId "24179922"]
[WhiteElo "2169"]
[BlackElo "2176"]
[WhiteTeam "ENG"]
[BlackTeam "RUS"]
[WhiteClock "0:01:03"]
[BlackClock "0:00:00"]

1. e4 c6 2. Nf3 d5 3. d3 dxe4 4. dxe4 Qxd1+ 5. Kxd1 Bg4 6. c3 Nd7 7. Kc2 O-O-O 8. a4 e5 9. b4 f6 10. Bd3 Nh6 11. Be3 Kb8 12. Na3 Be6 13. Bxh6 gxh6 14. Bc4 Bxc4 15. Nxc4 Rg8 16. g3 Nb6 17. Ne3 Rg7 18. Nh4 Rgd7 19. a5 Rd2+ 20. Kb3 Nc8 21. Rad1 Ne7 22. Rxd2 Rxd2 23. Rd1 Rxd1 24. Nxd1 Kc7 25. Ne3 Ng6 26. Nhf5 b5 27. axb6+ axb6 28. b5 cxb5 29. Nd5+ Kc6 30. Nxf6 Bc5 31. Nxh6 Bxf2 32. Nhg4 Bg1 33. Nxh7 Kd6 34. Ng5 Kc5 35. h4 1-0

[Event "November 21 Early 2023"]
[Site "https://www.chess.com"]
[Date "2023.11.21"]
[Round "3"]
[White "Herman, Matthew"]
[Black "Rian, Kapriaga"]
[Result "1-0"]
[Board "196"]
[TimeControl "180+1"]
[WhiteFideId "2028964"]
[BlackFideId "7103263"]
[WhiteElo "2368"]
[BlackElo "2306"]
[WhiteTeam "USA"]
[BlackTeam "INA"]
[WhiteClock "0:00:25"]
[BlackClock "0:00:04"]

1. e4 c6 2. d4 d5 3. e5 Bf5 4. h4 h5 5. c4 e6 6. Nc3 Ne7 7. Nge2 Nd7 8. Ng3 Bg4 9. Qb3 Qb6 10. c5 Qxb3 11. axb3 a6 12. b4 Rc8 13. Bd2 f6 14. f4 Kf7 15. Na2 Nf5 16. Nxf5 Bxf5 17. Nc1 Be7 18. Nb3 Bd8 19. Be2 Bc2 20. Na5 Bxa5 21. bxa5 Nf8 22. Rh3 Ng6 23. Rc3 Be4 24. g3 Ne7 25. Ra4 Rc7 26. Rb4 Nf5 27. Rcb3 Re7 28. Rxb7 Nxd4 29. Rxe7+ Kxe7 30. Rb7+ Kd8 31. Rb8+ Kc7 32. Rxh8 Nb3 33. Rg8 fxe5 34. Rxg7+ Kc8 35. Bxa6+ Kb8 36. Rb7+ 1-0

[Event "November 21 Early 2023"]
[Site "https://www.chess.com"]
[Date "2023.11.21"]
[Round "3"]
[White "alfianasybullina"]
[Black "sjoerd893"]
[Result "1-0"]
[Board "197"]
[TimeControl "180+1"]
[WhiteElo "2300"]
[BlackElo "2507"]
[WhiteClock "0:00:40"]
[BlackClock "0:00:05"]

1. d4 d5 2. Nf3 Nf6 3. c3 c6 4. Qb3 e6 5. Bf4 Nbd7 6. Nbd2 Ke7 7. e3 Ke8 8. Bd3 Be7 9. O-O Kf8 10. e4 dxe4 11. Nxe4 Nxe4 12. Bxe4 Nf6 13. Bd3 h6 14. Rad1 g5 15. Be5 Kg7 16. Nd2 Bd6 17. Bxf6+ Kxf6 18. Ne4+ Kg7 19. Nxd6 Qxd6 20. Rfe1 b6 21. c4 Qxd4 22. Bc2 Qf6 23. Rd6 c5 24. Be4 Rb8 25. Red1 Bb7 26. Bxb7 Rxb7 27. h3 Re8 28. Rd7 Rxd7 29. Rxd7 Re7 30. Rd8 Rc7 31. Qd3 Qxb2 32. g3 Qf6 33. Kg2 Re7 34. Qd6 h5 35. Ra8 e5 36. Qd8 Kg6 37. g4 hxg4 38. hxg4 Re6 39. Qg8+ Qg7 40. Qd8 e4 41. Rxa7 Qf6 42. Qg8+ Qg7 43. Qb8 Qc3 44. Qg8+ Kh6 45. Rxf7 Qf3+ 46. Rxf3 exf3+ 47. Kxf3 Rf6+ 48. Kg3 Rg6 49. Qh8# 1-0

[Event "November 21 Early 2023"]
[Site "https://www.chess.com"]
[Date "2023.11.21"]
[Round "3"]
[White "Der_Balak_3Halak"]
[Black "Ongut, Tamas Gunes"]
[Result "1-0"]
[Board "198"]
[TimeControl "180+1"]
[BlackFideId "770280"]
[WhiteElo "2296"]
[BlackElo "2148"]
[BlackTeam "HUN"]
[WhiteClock "0:00:54"]
[BlackClock "0:01:01"]

1. e4 c5 2. Nf3 d6 3. Bb5+ Nd7 4. O-O a6 5. Bxd7+ Bxd7 6. c3 Nf6 7. Re1 c4 8. b3 Bc6 9. e5 dxe5 10. Nxe5 Qd5 11. Nxc6 Qxc6 12. Ba3 O-O-O 13. Qe2 cxb3 14. axb3 e5 15. Qxe5 Bd6 16. Bxd6 Rhe8 17. Qf5+ Qd7 18. Qc5+ Qc6 19. Qxc6+ bxc6 20. Rxe8 1-0